[Event "87th Tata Steel Challengers 2025"]
[Site "Wijk aan Zee"]
[Date "2025.01.26"]
[Round "8.1"]
[White "Pijpers, Arthur"]
[Black "Vaishali, Rameshbabu"]
[Result "1/2-1/2"]
[Annotator "TA"]
[ECO "C60"]
[WhiteElo "2474"]
[BlackElo "2476"]
[PlyCount "80"]
[EventDate "2025.01.13"]
[EventType "tourn"]
[EventCountry "NED"]
[SourceTitle "playchess.com"]
[Source "ChessBase"]
[SourceQuality "1"]
[TimeControl "40/6000+30:20/3000+30:900+30"]

1. e4 e5 2. Nf3 Nc6 3. Bb5 Nge7 4. Nc3 Ng6 5. d4 Nxd4 6. Nxd4 {[%emt 0:00:07] C60: Ruy Lopez: Unusual Black 3rd moves and 3...g6.} exd4 7. Qxd4 c6 8. Be2 {[%emt 0:15:04] White is slightly better.} Qb6 $1 9. Be3 Qxb2 10. Rb1 {[%emt 0:04:49] White sacrificed a pawn} Qa3 {[%emt 0:00:12] A sharp opening} 11. O-O Qd6 {[%emt 0:04:22] Repels e5} 12. f4 Qxd4 13. Bxd4 d6 14. h4 $146 {[%emt 0:12:17][%mdl 1024] White has compensation.} (14. a4 b6 15. g3 Bb7 16. Rfd1 Be7 17. Bxg7 Rg8 18. Bh6 O-O-O 19. Bc4 d5 20. exd5 {0-1 Paseka,M (2250)-Makkar,R (2452) Wch U16 Montesilvano 2023 (3)}) 14... h5 15. g3 f6 16. Bd3 Kd8 17. Bc4 Be7 18. Ne2 Kc7 19. Bf7 (19. Bc3 $11 {was preferable.}) 19... Bg4 $1 $15 20. Bxg6 {[%emt 0:08:42] Threatens to win with Rfe1.} Bxe2 21. Rfe1 Bc4 22. a4 b6 23. Re3 c5 24. Rc3 Be6 (24... cxd4 25. Rxc4+ Kb7 26. Bf5 $18 (26. Rxd4 Rac8 $16)) 25. Be3 Rh6 26. f5 {[%emt 0:01:44] [#]} Rxg6 27. fxg6 Bd7 28. a5 Bc6 (28... b5 $17 29. g4 Rh8) 29. Re1 b5 (29... Bxe4 30. Bxc5 dxc5 31. Rxe4 $18) 30. Bf4 Kd7 {[%emt 0:00:26] [#]} (30... c4 $1 $15) 31. g4 Rh8 (31... hxg4 $15 32. Rd3 b4) 32. g5 $11 Ke6 33. gxf6 gxf6 (33... Bxf6 $11 34. e5 Bxh4 (34... dxe5 $2 {loses.} 35. Bxe5 Bxe5 36. Rce3 $18)) 34. a6 (34. Rg3 $14) 34... Rg8 ({Black should try} 34... b4 $11 35. Rg3 Bb5) 35. Rg3 $14 b4 36. g7 (36. Kf2 $14) 36... Kf7 $11 {[%emt 0:00:30] The position is equal.} 37. Bh6 Bb5 38. Ra1 Bc6 39. Re1 Bb5 40. Ra1 Bc6 {[%emt 0:00:22] Weighted Error Value: White=0.16 (very precise) /Black=0.13 (very precise)   Mistake:       	White=4     	Black=5      Inaccurate:     	White=2     	Black=1      OK:         	White=12    	Black=15     Best:        	White=2     	Black=2      Strong:       	---       	Black=2      Brilliant:      	---       	Black=1} 1/2-1/2

[Event "87th Tata Steel Challengers 2025"]
[Site "Wijk aan Zee"]
[Date "2025.01.26"]
[Round "8.2"]
[White "Gurel, Ediz"]
[Black "L'Ami, Erwin"]
[Result "1/2-1/2"]
[Annotator "TA"]
[ECO "C65"]
[WhiteElo "2624"]
[BlackElo "2614"]
[PlyCount "70"]
[EventDate "2025.01.13"]
[EventType "tourn"]
[EventCountry "NED"]
[SourceTitle "playchess.com"]
[Source "ChessBase"]
[SourceQuality "1"]
[TimeControl "40/6000+30:20/3000+30:900+30"]

1. e4 e5 2. Nf3 Nc6 3. Bb5 Nf6 4. d3 d6 5. d4 exd4 6. Nxd4 {[%emt 0:00:13] C65: Ruy Lopez: Berlin Defence (3...Nf6), unusual lines and 4 0-0 Bc5.} Bd7 7. Nc3 Nxd4 8. Bxd7+ Qxd7 9. Qxd4 Be7 10. Bf4 Qg4 11. Be3 c6 $146 (11... O-O 12. O-O Rfe8 13. h3 Qh5 14. f4 a6 15. a4 Rac8 16. Rae1 Nd7 {1-0 Nitin,S (2381)-Chan,Y (2316) Titled Tuesday intern op 14th April blitz 2020 (7)}) 12. h3 Qe6 13. O-O-O O-O 14. g4 Nd7 (14... b5 $5) 15. f4 Nb6 16. g5 {[%emt 0:09:34] White is more active.} (16. f5 $14 Qc4 17. h4) 16... f5 $11 17. Kb1 Qc4 18. Rhe1 fxe4 19. Qxe4 (19. Nxe4 $5 Qxd4 20. Rxd4 $19) 19... Qxe4 20. Nxe4 d5 21. Nc5 Bxc5 22. Bxc5 Rf7 23. Re2 Nd7 24. Bd6 Nf8 25. Rde1 {[%emt 0:00:38] and Re8 would now be decisive} Rd8 26. Be7 Re8 27. Bd6 Rd8 28. Be7 Rd7 29. Bxf8 Rxf8 30. Re7 Rxe7 31. Rxe7 Rxf4 {[%emt 0:00:08] [#] ( -> ...Rf1+). KR-KR. Black is a pawn up.} 32. b3 Rf7 33. Re8+ Rf8 34. Re7 Rf7 35. Re8+ Rf8 {[%emt 0:00:04] Weighted Error Value: White=0.07 (flawless) /Black=0.04 (flawless)   Mistake:       	White=1     	---        Inaccurate:     	---       	Black=2      OK:         	White=17    	Black=16} 1/2-1/2

[Event "87th Tata Steel Challengers 2025"]
[Site "Wijk aan Zee"]
[Date "2025.01.26"]
[Round "8.3"]
[White "Bok, Benjamin"]
[Black "Svane, Frederik"]
[Result "1/2-1/2"]
[Annotator "TA"]
[ECO "E32"]
[WhiteElo "2583"]
[BlackElo "2664"]
[PlyCount "60"]
[EventDate "2025.01.13"]
[EventType "tourn"]
[EventCountry "NED"]
[SourceTitle "playchess.com"]
[Source "ChessBase"]
[SourceQuality "1"]
[TimeControl "40/6000+30:20/3000+30:900+30"]

1. d4 Nf6 2. c4 e6 3. Nc3 Bb4 4. Qc2 O-O 5. e4 d5 6. e5 Ne4 7. Bd3 c5 {[%emt 0:00:05] The position is equal.} 8. Nf3 {[%emt 0:00:05] E32: Nimzo-Indian: Classical (4 Qc2): 4...0-0.} cxd4 9. Nxd4 Nd7 10. Bf4 Qh4 11. g3 Qh5 12. O-O g5 ({Much worse is} 12... Nxe5 13. Be2 Ng4 14. Bxg4 Qxg4 15. f3 $16 (15. cxd5 Nxc3 16. bxc3 Bc5 $16)) 13. cxd5 Bxc3 14. bxc3 exd5 15. Be3 Nxe5 16. f3 {[%emt 0:00:09] Inhibits Ng4.} (16. Be2 {looks sharper.} g4 17. f3 gxf3 18. Nxf3 Bg4 19. Nxe5 Bxe2 20. Rf4) 16... Nc5 17. Bf5 Ne6 $1 {[%emt 0:01:45][%mdl 4] is currently scoring better than 17...f6.} 18. Rae1 Nxd4 19. Bxd4 Nc6 20. Bf6 {[%emt 0:12:11] A strong pair of Bishops.} Qh6 21. Bxc8 Raxc8 22. Qf5 {[%emt 0:01:23][%csl LRd5,LRg5][%cal Of3f4] Black must now prevent f4!.} Qg6 23. Qxg5 Qxg5 24. Bxg5 f6 25. Be3 $146 (25. Bf4 Rfd8 26. Rf2 Kf7 27. Rd2 d4 28. cxd4 Rxd4 29. Rb1 b6 30. Rc2 Rdd8 31. Rbc1 {½-½ Vidit,S (2723)-Ding,L (2806) Chessable Masters Prelim rapid 2022 (4)}) 25... Kf7 26. Rd1 Rfd8 27. Kf2 Ne5 28. Bd4 Nc6 29. Be3 Ne5 30. Bd4 Nc6 {[%emt 0:00:07] An uneventful encounter.   Weighted Error Value: White=0.02 (flawless) /Black=0.02 (flawless)   OK:         	White=10    	Black=11     Best:        	---       	Black=2} 1/2-1/2

[Event "87th Tata Steel Challengers 2025"]
[Site "Wijk aan Zee"]
[Date "2025.01.26"]
[Round "8.4"]
[White "Nguyen, Thai Dai Van"]
[Black "Lu, Miaoyi"]
[Result "1-0"]
[Annotator "TA"]
[ECO "D77"]
[WhiteElo "2668"]
[BlackElo "2429"]
[PlyCount "119"]
[EventDate "2025.01.13"]
[EventType "tourn"]
[EventCountry "NED"]
[SourceTitle "playchess.com"]
[Source "ChessBase"]
[SourceQuality "1"]
[TimeControl "40/6000+30:20/3000+30:900+30"]

1. Nf3 d5 2. g3 g6 3. Bg2 Bg7 4. d4 Nf6 5. c4 dxc4 6. O-O O-O 7. Na3 c5 {[%emt 0:00:09] is recently more successful than 7...c3.} 8. dxc5 c3 {[%emt 0:00:07] D77: Fianchetto Grünfeld: 6 0-0: Replies other than 6...c6.} 9. Nb5 (9. bxc3 Ne4 10. Qc2 Nxc5) 9... Na6 10. Nxc3 Nxc5 {[%emt 0:00:02] The position is equal.} 11. Be3 Nfe4 12. Nxe4 Nxe4 13. Nd4 $5 {[%emt 0:04:21][%mdl 4] An interesting side line.} Nd6 14. Rc1 {[%emt 0:02:04] Prevents Nc4.} Qa5 $146 (14... Bd7 15. Qd2 Rc8 16. Rxc8 Qxc8 17. Rc1 Qb8 18. Bg5 Re8 19. Nb3 Bb5 20. Na5 Bf6 21. Bxf6 exf6 {½-½ Sjugirov,S (2665)-Goganov,A (2581) RUS Cup final 2019 (2.1)}) 15. a3 {[%emt 0:09:19] The position is symmetric and equal} Rd8 16. b4 Qa6 17. Qb3 e5 18. Nc6 bxc6 19. Rxc6 Qxe2 {[%emt 0:00:07] aiming for ...Be6.} 20. Qd1 $1 (20. Rxd6 Rxd6 21. Bxa8 Bh3 $19) 20... Bg4 {[%emt 0:14:50] [#]} 21. Rxd6 Qxd1 22. Rdxd1 Bxd1 23. Bxa8 Be2 24. Re1 Bb5 {[%emt 0:01:32] Repels Bc6} 25. Bg2 a6 $1 26. Rc1 e4 27. Bxe4 Bb2 28. Rb1 Bxa3 29. Kg2 Rc8 30. Bf3 Bc6 31. Bxc6 Rxc6 $11 {[%emt 0:00:02][%mdl 4096] Endgame KRB-KRB} 32. Kf3 (32. Rb3 $5 Bc1 $8 33. Bd4 $11) 32... Rc8 33. Bd2 $1 Rc2 $1 34. Ke3 Ra2 $1 35. Bc3 {[%emt 0:00:48] Prevents Bb2.} Rc2 $1 36. Bd2 Ra2 $1 {[%emt 0:00:05] Wards off Ra1} 37. Bc3 Rc2 $1 38. Be1 Bc1+ 39. Kd3 Rc6 40. f4 {[%emt 0:00:56] Black should prevent Bf2.} Rd6+ 41. Kc4 Be3 {[%emt 0:10:07] Prevents Bf2} 42. Bc3 Kf8 43. Be5 Rc6+ ({Black should try} 43... Re6 $11) 44. Kd5 $14 Rb6 45. Bc7 Rb5+ 46. Kc6 {[%emt 0:00:00] And now Ra1 would win.} Bc5 {[%emt 0:21:13] [#]} 47. bxc5 $1 $18 Rxb1 {[%emt 0:00:02] KR-KB} 48. Kd7 h5 $2 {[%emt 0:04:29][%mdl 8192] Black cannot hold the game after this.} (48... Rh1 $16) 49. c6 Kg7 50. Be5+ f6 51. c7 Rc1 52. Bb2 {[%emt 0:00:00] White mates.} (52. c8=B $2 {is the wrong capture.} fxe5 53. fxe5 a5 $19) 52... Rc2 53. c8=Q (53. c8=R Rxb2 54. Rc7 Re2 $15 (54... Rxh2 55. Ke6+ Kh6 56. Kxf6 $17)) 53... Rxb2 {[%emt 0:00:42] KQ-KR} 54. Qc7 Re2 55. Kd6+ Kf8 56. Qh7 a5 57. Qxg6 a4 58. Qxf6+ Kg8 59. Qg6+ Kf8 60. f5 {[%emt 0:00:00] Weighted Error Value: White=0.06 (flawless) /Black=0.31  Loses game:     	---       	Black=1      Mistake:       	---       	Black=2      Inaccurate:     	White=3     	Black=2      OK:         	White=21    	Black=17     Best:        	White=3     	Black=4      Strong:       	White=2     	Black=6} 1-0

[Event "87th Tata Steel Challengers 2025"]
[Site "Wijk aan Zee"]
[Date "2025.01.26"]
[Round "8.5"]
[White "Suleymanli, Aydin"]
[Black "Oro, Faustino"]
[Result "1-0"]
[Annotator "TA"]
[ECO "A45"]
[WhiteElo "2623"]
[BlackElo "2447"]
[PlyCount "117"]
[EventDate "2025.01.13"]
[EventType "tourn"]
[EventCountry "NED"]
[SourceTitle "playchess.com"]
[Source "ChessBase"]
[SourceQuality "1"]
[TimeControl "40/6000+30:20/3000+30:900+30"]

1. d4 Nf6 2. Bf4 c5 3. d5 Qb6 4. Nc3 d6 5. Qc1 Bf5 $146 (5... e5 6. Bg5 Be7 7. e4 h6 8. Bd2 Qd8 9. Bb5+ Nbd7 10. a4 O-O 11. Nge2 Ne8 {1-0 Edouard,R (2640)-Santos Latasa,J (2591) BEL-chT 1920 2019 (8.1)}) 6. f3 $1 {[%emt 0:04:16] A45: Trompowsky Attack.} g6 7. a4 Bg7 8. a5 {[%emt 0:04:12] White is slightly better.} Qd8 9. g4 Bc8 10. Bh6 Kf8 (10... Bxh6 $1 $11 {keeps the balance.} 11. Qxh6 b5) 11. e4 $16 e6 12. Nge2 exd5 13. exd5 Nbd7 (13... Na6 $1 $14) 14. Bg2 (14. Ng3 $1 $16) 14... Ne5 15. O-O Ng8 (15... Ne8 $142) 16. Bxg7+ $1 Kxg7 17. h3 h5 (17... f5 $16) 18. g5 $18 Bf5 19. f4 Nd7 20. Ne4 Bxe4 21. Bxe4 Ne7 22. f5 gxf5 23. Bxf5 Ne5 24. Be4 h4 25. Nf4 {[%emt 0:02:16] Wards off Rh5} ({Better is} 25. Rf6 $18) 25... N7g6 $16 26. Bxg6 Nxg6 (26... Qxg5+ $2 27. Kh1 Qe7 (27... fxg6 $2 28. Ne6+ Kh7 29. Qxg5 $18) 28. Bf5 $18) 27. Kh2 Qd7 (27... Qxg5 $2 28. Ne6+ fxe6 29. Qxg5 $18) 28. Qd2 Rae8 29. Qc3+ Ne5 (29... Re5 $2 30. Nd3) 30. Ng2 {[%emt 0:01:58] White is more active.} (30. Rf2 $1 $16) 30... Rh5 $11 31. Qd2 Kh7 32. Qf2 Qe7 33. Nf4 (33. Nxh4 Qxg5 34. Qf5+ Qxf5 35. Nxf5 Ng4+ 36. Kg1 Nf6 (36... Rxh3 37. Kg2 $11)) 33... Rxg5 34. Qxh4+ Kg8 35. Rae1 Qf6 (35... Rg7 {simplifies} 36. Qxe7 Rxe7 37. Nd3 Rg5) 36. Kh1 $36 {[%emt 0:01:18][%mdl 2048] White has the initiative.} (36. Ne6 $2 Rg2+ 37. Kxg2 Qxh4 $19) 36... Rf5 $1 37. Qxf6 Rxf6 38. Nh5 Rxf1+ 39. Rxf1 {[%emt 0:00:02][%mdl 4096] Endgame KRN-KRN} Kf8 40. b3 {[%emt 0:01:30] Dodges Nc4} Ke7 (40... Ng6 $11) 41. Ng7 Rh8 42. Nf5+ Kd7 43. Kg2 Ng6 (43... c4 $14) 44. Kg3 Ne7 45. Ne3 f5 46. h4 (46. Nxf5 Nxd5 47. h4 Nc3) 46... Rh5 47. c4 Ke8 48. Re1 {[%emt 0:00:00] Ng2 is the strong threat.} Kf7 49. Ng2 $1 Rh6 {[%emt 0:00:00] [#] Prevents Re6} (49... Ng6 $16) 50. Nf4 $1 $18 Ng6 (50... Ng8 51. Ne6 b6 52. Ng5+ Kg6 53. axb6 f4+ 54. Kh3 (54. Kxf4 Rxh4+ 55. Kf3 axb6 $18) (54. Kf3 axb6 55. Rg1 Ne7 $18) 54... axb6) 51. Nxg6 (51. Re6 Rxh4 52. Rxg6 (52. Nxg6 Rg4+ 53. Kf3 Rxg6 $11) 52... Rxf4 53. Rxd6 Rg4+ 54. Kf3 Ke7 55. Re6+ Kf7 $18) 51... Rxg6+ {[%emt 0:00:00] KR-KR} 52. Kf4 Rg4+ 53. Kxf5 Rxh4 54. Re6 Rh3 55. Rxd6 Ke7 {[%emt 0:00:00] Dodges Rd7+} 56. Rg6 (56. Re6+ $18 Kd7 57. a6 Rf3+ 58. Ke5) 56... Rxb3 $16 {[%emt 0:00:00] [#]} 57. a6 $1 bxa6 58. Rc6 (58. Rxa6 Rf3+ 59. Ke4 Rc3) 58... Kd7 (58... Rb6 $16 {is a better defense.} 59. Rc7+ (59. Rxc5 Kd7 $16) 59... Kd6 60. Rxa7 Rb4 61. Rxa6+ Kd7) 59. Ke4 {[%emt 0:00:00] Weighted Error Value: White=0.16 (very precise) /Black=0.23 (precise)   Loses game:     	---       	Black=1      Missed win:     	White=1     	---        Mistake:       	White=3     	Black=8      Inaccurate:     	White=4     	Black=1      OK:         	White=22    	Black=22     Best:        	White=5     	Black=4      Strong:       	White=4     	Black=1} ({Inferior is} 59. Rxa6 Rc3 $11) 1-0

[Event "87th Tata Steel Challengers 2025"]
[Site "Wijk aan Zee"]
[Date "2025.01.26"]
[Round "8.6"]
[White "Deshmukh, Divya"]
[Black "Nogerbek, Kazybek"]
[Result "0-1"]
[Annotator "TA"]
[ECO "A22"]
[WhiteElo "2490"]
[BlackElo "2514"]
[PlyCount "132"]
[EventDate "2025.01.13"]
[EventType "tourn"]
[EventCountry "NED"]
[SourceTitle "playchess.com"]
[Source "ChessBase"]
[SourceQuality "1"]
[TimeControl "40/6000+30:20/3000+30:900+30"]

1. c4 e5 2. Nc3 Nf6 3. g3 Bb4 4. Bg2 O-O 5. e4 Bxc3 6. bxc3 c6 7. Ne2 d5 8. exd5 {[%emt 0:00:49] A22: English Opening: 1...e5 2 Nc3 Nf6.} cxd5 9. d4 exd4 (9... dxc4 $5 10. Ba3 Re8 $14) 10. O-O $146 {[%emt 0:18:23] The position is equal.} (10. Nxd4 Re8+ 11. Be3 dxc4 12. O-O Nd5 13. Qh5 Nxe3 14. fxe3 g6 15. Qd5 Qe7 16. Qxc4 Kg7 17. Bd5 f6 18. Rf4 Nd7 19. Ne6+ Kh8 20. Qd4 Ne5 21. Nc5 g5 {½-½ Petursson,M (2499)-Olafsson,H (2512) ISL-chT 1718 2017 (6.2)}) 10... dxc4 11. Ba3 {[%emt 0:11:09] [#] A strong pair of Bishops.} d3 $1 12. Bxf8 Qxf8 13. Nd4 Qa3 {[%emt 0:05:45] Prevents Qa4} 14. Qd2 Nbd7 (14... Nc6 $6 15. Nxc6 bxc6 16. Bxc6 $14) 15. Rab1 (15. Qf4 $11) 15... Nb6 $1 $15 16. Rb4 Bd7 {[%emt 0:00:42] Prevents Nb5.} 17. Bxb7 Re8 18. Bf3 h6 19. Nb5 {[%emt 0:08:38] [#]} Qxb4 20. cxb4 Bxb5 21. Rc1 {[%emt 0:02:41] [#]} (21. Re1 $17 Rc8 22. Rc1) 21... Rc8 $2 (21... Ne4 $1 $19 22. Bxe4 Rxe4) 22. Qf4 c3 23. Qe5 {[%emt 0:03:02] [#]} (23. Qd4 $11 Na4 24. Kg2) 23... Nbd5 $1 24. Qd4 $1 d2 {[%emt 0:02:06] Black plays in the center Dancing on a razor blade.} 25. Qxd2 cxd2 26. Rxc8+ Be8 (26... Kh7 $15 27. Rc2 Nxb4 28. Rxd2 a5) 27. Kf1 ({White should try} 27. Rc4 $11) 27... Nxb4 28. Ke2 Nxa2 29. Kxd2 Nb4 30. Kc3 a5 31. Rc5 Na6 32. Rxa5 Nc7 33. Kd4 Ne6+ 34. Ke3 g5 35. h4 gxh4 36. gxh4 Kg7 37. Bb7 Bd7 38. Bf3 Nf8 39. Kf4 Ng6+ 40. Kg3 Be6 41. Ra1 Ne7 42. Rh1 Ne8 43. Bg4 Bd5 44. Bf3 {[%emt 0:01:10] [#]} (44. Ra1 $142) 44... Bc4 (44... Nf5+ $142 $1 45. Kf4 Be6) 45. Bg4 Nd6 46. Re1 Kf6 47. Kh3 Bd5 48. Ra1 Ng6 49. h5 (49. Ra6 $1 $15 Ke5 50. Kh2) 49... Nf4+ $19 50. Kh4 Ke5 51. Ra6 $2 {[%emt 0:12:26][%mdl 8192] Loses the game.} (51. Ra3 $17) 51... Nd3 52. Ra5 Nxf2 53. Bd7 f6 54. Kg3 Nfe4+ 55. Kh4 Nc4 56. Ra7 (56. Rb5 $142) 56... Kf4 57. Bc8 Ne5 {[%emt 0:00:47] and ...Nf2 would now be decisive} 58. Bb7 (58. Kh3 $142) 58... Nf3+ (58... Bxb7 $142 59. Rxb7 Nf3+ 60. Kh3 Kg5) 59. Kh3 Nfg5+ 60. Kh4 {[%emt 0:00:29] [#]} Nd6 $1 61. Ra4+ Bc4 62. Bc8 Nf3+ 63. Kh3 Kg5 64. Bg4 (64. Bb7 $142 Be6+ (64... Nxb7 $2 65. Rxc4 Nd6 66. Rb4 $19) 65. Kg3 Nxb7 66. Kxf3) 64... Ne5 {[%emt 0:00:33] Black is clearly winning.} 65. Bd1 Ne4 66. Kg2 {[%emt 0:00:52] Prevents Nf2.} Nc3 {[%emt 0:00:12][%csl LRa4,LRd1] Weighted Error Value: White=0.42/Black=0.32  Loses game:     	White=1     	---        Missed win:     	---       	Black=1      Mistake:       	White=9     	Black=2      Inaccurate:     	White=4     	Black=3      OK:         	White=13    	Black=25     Best:        	White=3     	Black=2      Strong:       	White=1     	Black=1      Brilliant:      	---       	Black=1} 0-1

[Event "87th Tata Steel Challengers 2025"]
[Site "Wijk aan Zee"]
[Date "2025.01.26"]
[Round "8.7"]
[White "Yakubboev, Nodirbek"]
[Black "Bulmaga, Irina"]
[Result "1-0"]
[Annotator "TA"]
[ECO "D02"]
[WhiteElo "2659"]
[BlackElo "2386"]
[PlyCount "73"]
[EventDate "2025.01.13"]
[EventType "tourn"]
[EventCountry "NED"]
[SourceTitle "playchess.com"]
[Source "ChessBase"]
[SourceQuality "1"]
[TimeControl "40/6000+30:20/3000+30:900+30"]

1. d4 Nf6 2. Nf3 g6 3. Nbd2 d5 4. b4 Bg7 5. Bb2 O-O 6. e3 {[%emt 0:00:35] D02: 1 d4 d5 2 Nf3 sidelines, including 2...Nf6 3 g3 and 2...Nf6 3 Bf4.} Bf5 7. c4 c6 8. Rc1 $5 {[%emt 0:01:52][%mdl 4] White is slightly better. Leaves trodden paths.} a5 9. b5 Ne4 10. cxd5 Nxd2 11. Qxd2 cxd5 12. Be2 Nd7 13. O-O Nf6 14. Ba3 {[%emt 0:02:16] Repels Qd6} Re8 15. Qb2 Nd7 16. Qb3 $146 (16. Nh4 Be6 17. f4 Bf6 18. Nf3 Bf5 19. Ne5 Bxe5 20. dxe5 Be4 21. Qd4 e6 22. Rc3 {1-0 Chatalbashev,B (2570)-Hunt,A (2454) Skopje Karposh op 2012 (6)}) 16... Nb6 17. h3 h5 18. Bc5 a4 19. Qb4 Bf8 20. Ne5 Nd7 21. b6 {[%emt 0:06:34] White is much more active.} Nxc5 22. dxc5 {[%emt 0:02:25] aiming for c6.} f6 {[%emt 0:05:00] [#] This costs Black the game.} (22... Bg7 $16) 23. Nf3 $1 $18 e5 {[%emt 0:06:01] [#]} 24. Nh4 $1 Qc8 25. Bb5 Rd8 26. Bxa4 Kg7 27. Nxf5+ Qxf5 28. Qb5 h4 29. c6 bxc6 30. Rxc6 d4 31. Bb3 Qe4 $2 (31... Bd6 32. a4 Qd7) 32. Qc4 {[%emt 0:00:58] Qg8+ would kill now. White is clearly winning.} Kh6 33. Bc2 Qd5 34. Qxd5 Rxd5 35. Be4 Rdd8 36. b7 Rab8 37. Rxf6 {[%emt 0:00:06] Weighted Error Value: White=0.15 (very precise) /Black=0.46  Mistake:       	---       	Black=2      Inaccurate:     	---       	Black=4      OK:         	White=15    	Black=7      Strong:       	White=1     	---} 1-0